Nordiques vs Jets (R1)

Created - 24 avril 2016 at 20:08

Goals
1 2 3 T
Nordiques 1 0 0 1
Jets 0 2 3 5
Shots
1 2 3 T
Nordiques 12 12 7 31
Jets 11 15 16 42

1st period

1. Nordiques , Nikolai Kulemin 11 (Toni Lydman) at 9:45

Penalties :
No Penalty

2nd period

2. Jets , Blake Wheeler 24 (Daniel Sedin, Zack Hamill) at 17:01
3. Jets , Benoit Pouliot 58 (Derek Roy) at 18:11 (PP)

Penalties :
Shane Hnidy (Que) for Holding (Minor) at 1:09, Blair Betts (Win) for Roughing (Minor) at 10:37, Dustin Byfuglien (Que) for High sticking (Minor) at 13:42, Chris Drury (Que) for Hooking (Minor) at 18:10

3rd period

4. Jets , Jussi Jokinen 26 (Blake Wheeler, Tyler Seguin) at 5:56 (PP)
5. Jets , Benoit Pouliot 59 (Dustin Brown, Derek Roy) at 12:05 (PP)
6. Jets , Benoit Pouliot 60 (Derek Roy, Dustin Brown) at 19:13

Penalties :
Jarret Stoll (Que) for Hooking (Minor) at 5:11, Brendan Bell (Win) for Hooking (Minor) at 6:20, Mike Zigomanis (Que) for Interference (Minor) at 11:50

Goalie Stats

Martin Brodeur (Que), 37 saves from 42 shots - (0,881), L, 32-32-7, 60:00 minutes
Kari Lehtonen (Win), 30 saves from 31 shots - (0,968), W, 32-24-7, 60:00 minutes

Players Stats for Nordiques

Player Name              G  A  P  +/- PIM S  H  SB GA TA FO     MP     PP MP  PK MP  
------------------------------------------------------------------------------------
Alexei Kovalev           0  0  0  -2  0   0  1  3  0  0  1/1    20:10   1:44   0:00 
Chris Drury              0  0  0  -2  2   3  3  0  0  0  15/35  21:28   1:58   1:02 
Dustin Byfuglien         0  0  0   0  2   1  3  0  0  1  1/2    16:42   2:00   0:00 
Fedor Tyutin             0  0  0  -1  0   4  1  1  0  0  0/0    27:21   2:41   2:46 
Jarret Stoll             0  0  0   1  2   1  2  0  0  0  3/3     7:36   0:00   0:53 
Kristopher Letang        0  0  0  -1  0   4  1  1  3  0  0/0    25:49   2:41   0:52 
Kyle Calder              0  0  0   0  0   2  1  0  0  0  0/0    12:13   0:14   0:52 
Mark Eaton               0  0  0   0  0   2  1  1  0  1  0/0    14:14   0:00   2:46 
Matt Moulson             0  0  0   0  0   0  3  1  0  0  0/0    16:43   2:00   0:00 
Mike Zigomanis           0  0  0   0  2   1  1  0  0  0  0/5    11:06   0:00   0:00 
Miroslav Satan           0  0  0   0  0   3  1  1  0  0  0/0    12:14   0:14   0:53 
Niklas Kronwall          0  0  0   0  0   0  0  0  0  1  0/0    11:28   0:00   0:00 
Nikolai Kulemin          1  0  1   1  0   3  2  0  0  0  0/0     6:44   0:00   0:00 
Pascal Dupuis            0  0  0   1  0   1  0  1  0  1  0/0    10:01   0:00   3:14 
R.J. Umberger            0  0  0  -2  0   2  0  2  0  0  3/9    23:14   1:44   3:04 
Shane Hnidy              0  0  0   0  2   0  0  1  0  1  0/0    19:59   1:17   1:21 
Toni Lydman              0  1  1   0  0   0  0  2  0  1  0/0    21:11   1:17   2:13 
Vaclav Prospal           0  0  0   0  0   4  1  0  0  0  10/16  16:43   2:00   0:00 

Players Stats for Jets

Player Name              G  A  P  +/- PIM S  H  SB GA TA FO     MP     PP MP  PK MP  
------------------------------------------------------------------------------------
Adam Pardy               0  0  0   0  0   3  2  1  0  0  0/0    17:37   0:23   2:09 
Anton Volchenkov         0  0  0   0  0   2  3  2  0  1  0/0    26:01   2:49   2:16 
Benoit Pouliot           3  0  3   1  0   7  0  0  0  0  0/3    21:54   2:43   1:07 
Blair Betts              0  0  0   0  2   0  0  0  1  0  4/7     9:57   0:00   0:00 
Blake Wheeler            1  1  2   0  0   6  0  1  1  1  1/2    18:50   1:29   2:02 
Brendan Bell             0  0  0   0  2   1  0  0  0  0  0/0    19:01   0:00   0:55 
Chris Phillips           0  0  0   0  0   1  0  1  0  0  0/0    16:24   1:47   0:43 
Daniel Sedin             0  1  1   0  0   2  3  0  1  0  1/1    15:02   0:00   0:49 
Derek Roy                0  3  3   1  0   2  3  2  0  0  18/31  21:38   2:43   0:49 
Dmitri Kalinin           0  0  0   1  0   2  2  2  0  0  0/0    23:06   3:12   1:53 
Dustin Brown             0  2  2   1  0   2  7  1  1  0  1/3    22:49   2:02   1:37 
Eric Fehr                0  0  0   0  0   3  0  0  1  0  0/0     9:22   0:30   0:00 
Fredrik Sjostrom         0  0  0   0  0   1  1  0  0  0  0/2    10:24   0:00   1:32 
Jussi Jokinen            1  0  1   0  0   3  1  0  1  1  0/0    11:04   2:16   0:00 
Kevin Klein              0  0  0   1  0   1  3  0  0  0  0/0    17:52   1:47   0:00 
Tomas Kopecky            0  0  0   0  0   3  1  0  0  0  0/0     9:44   0:58   0:00 
Tyler Seguin             0  1  1   0  0   1  2  0  0  0  3/5    11:04   2:16   0:00 
Zack Hamill              0  1  1   0  0   2  0  0  0  0  10/17  14:11   0:00   0:00 

3 Stars

1 - Benoit Pouliot (Win)
2 - Derek Roy (Win)
3 - Dustin Brown (Win)

Power Play

Nordiques - 0 on 2 Attempt(s) - 0,00%
Jets - 3 on 5 Attempt(s) - 60,00%

Penalty Kill

Nordiques - 2 on 5 Attempt(s) - 40,00% - Score 0 goal in Penalty Kill
Jets - 2 on 2 Attempt(s) - 100,00% - Score 0 goal in Penalty Kill

Team Stat

Nordiques - Hits : 21 - Faceoff Wins : 33 - Blocked Shots : 14 - Penalty Minutes : 10
Jets - Hits : 28 - Faceoff Wins : 38 - Blocked Shots : 10 - Penalty Minutes : 4

Official

Referees : Kimmerly Greg and StLaurent Francois
Linesman : Mike Cvik and Mark Shewchyk

Game Notes

Benoit Pouliot has scored a Hat Trick!

Finance

Level 1 -- Attendance: 5812 (96,87%) -- Ticket Income 435 900 $
Level 2 -- Attendance: 4347 (86,94%) -- Ticket Income 217 350 $
Level 3 -- Attendance: 1998 (99,90%) -- Ticket Income 49 950 $
Level 4 -- Attendance: 4000 (100,00%) -- Ticket Income 72 000 $
Luxury Box -- Attendance: 1000 (100,00%) -- Ticket Income 160 000 $
Game was played at the MTS Center.
Total Attendance: 17157 (95,32%)
Total Ticket Income: 935 200 $
Other Income: 140 280 $
Total Income: 1 075 480 $

Nordiques

5 vs 5 Forward 
   Center                   Left Wing                Right Wing               Time % Phy DF OF 
 1 Chris Drury              R.J. Umberger            Alexei Kovalev           40     1   2  2  
 2 Vaclav Prospal           Matt Moulson             Dustin Byfuglien         30     1   2  2  
 3 Mike Zigomanis           Kyle Calder              Miroslav Satan           20     1   2  2  
 4 Jarret Stoll             Nikolai Kulemin          Pascal Dupuis            10     1   2  2  

5 vs 5 Defense 
   Defense                  Defense                                           Time % Phy DF OF 
 1 Fedor Tyutin             Kristopher Letang                                 40     1   3  1  
 2 Toni Lydman              Shane Hnidy                                       30     1   3  1  
 3 Niklas Kronwall          Mark Eaton                                        20     1   3  1  
 4 Fedor Tyutin             Kristopher Letang                                 10     1   3  1  

PowerPlay Forward 
   Center                   Left Wing                Right Wing               Time % Phy DF OF 
 1 Chris Drury              R.J. Umberger            Alexei Kovalev           60     1   2  2  
 2 Vaclav Prospal           Matt Moulson             Dustin Byfuglien         40     1   2  2  

PowerPlay Defense
   Defense                  Defense                                           Time % Phy DF OF 
 1 Fedor Tyutin             Kristopher Letang                                 60     1   2  2  
 2 Toni Lydman              Shane Hnidy                                       40     1   2  2  

Penalty Kill 4 Players Forward 
   Center                   Wing                     Time % Phy DF OF 
 1 R.J. Umberger            Pascal Dupuis            60     1   2  2  
 2 Jarret Stoll             Miroslav Satan           40     1   2  2  

Penalty Kill 4 Players Defense
   Defense                  Defense                  Time % Phy DF OF 
 1 Fedor Tyutin             Mark Eaton               60     1   2  2  
 2 Toni Lydman              Shane Hnidy              40     1   2  2  

Penalty Kill - 3 Players Forward 
   Forward                                           Time % Phy DF OF 
 1 R.J. Umberger                                     60     1   2  2  
 2 Chris Drury                                       40     1   2  2  

Penalty Kill - 3 Players Defense
   Defense                  Defense                  Time % Phy DF OF 
 1 Fedor Tyutin             Mark Eaton               60     1   2  2  
 2 Toni Lydman              Shane Hnidy              40     1   2  2  

4 vs 4 Forward 
   Center                   Wing                     Time % Phy DF OF 
 1 R.J. Umberger            Chris Drury              60     1   2  2  
 2 Vaclav Prospal           Alexei Kovalev           40     1   2  2  

4 vs 4 Defense
   Defense                  Defense                  Time % Phy DF OF 
 1 Fedor Tyutin             Kristopher Letang        60     1   2  2  
 2 Toni Lydman              Shane Hnidy              40     1   2  2  

Last Minutes Offensive
   Center                   Left Wing                Right Wing               Defense                  Defense                  
   Chris Drury              R.J. Umberger            Alexei Kovalev           Fedor Tyutin             Kristopher Letang        

Last Minutes Defensive
   Center                   Left Wing                Right Wing               Defense                  Defense                  
   Chris Drury              R.J. Umberger            Pascal Dupuis            Fedor Tyutin             Mark Eaton               

Goaltenders
Starting : Martin Brodeur           
Backup : Julien Ellis             

Extra Forwards
Normal : Chris Drury, Alexei Kovalev, R.J. Umberger - PP : Chris Drury, R.J. Umberger - PK : Pascal Dupuis
Extra Defensemen
Normal : Niklas Kronwall, Kristopher Letang, Toni Lydman - PP : Niklas Kronwall - PK : Kristopher Letang, Toni Lydman
Penalty Shots
R.J. Umberger, Chris Drury, Vaclav Prospal, Alexei Kovalev, Dustin Byfuglien

Jets

5 vs 5 Forward 
   Center                   Left Wing                Right Wing               Time % Phy DF OF 
 1 Derek Roy                Benoit Pouliot           Dustin Brown             40     1   2  2  
 2 Zack Hamill              Daniel Sedin             Blake Wheeler            30     1   2  2  
 3 Tyler Seguin             Jussi Jokinen            Tomas Kopecky            20     1   2  2  
 4 Blair Betts              Fredrik Sjostrom         Eric Fehr                10     1   2  2  

5 vs 5 Defense 
   Defense                  Defense                                           Time % Phy DF OF 
 1 Anton Volchenkov         Brendan Bell                                      36     1   3  1  
 2 Dmitri Kalinin           Kevin Klein                                       32     1   3  1  
 3 Chris Phillips           Adam Pardy                                        22     1   3  1  
 4 Dmitri Kalinin           Anton Volchenkov                                  10     1   2  2  

PowerPlay Forward 
   Center                   Left Wing                Right Wing               Time % Phy DF OF 
 1 Derek Roy                Benoit Pouliot           Dustin Brown             60     1   1  3  
 2 Tyler Seguin             Jussi Jokinen            Blake Wheeler            40     1   1  3  

PowerPlay Defense
   Defense                  Defense                                           Time % Phy DF OF 
 1 Anton Volchenkov         Dmitri Kalinin                                    60     1   2  2  
 2 Chris Phillips           Kevin Klein                                       40     1   2  2  

Penalty Kill 4 Players Forward 
   Center                   Wing                     Time % Phy DF OF 
 1 Dustin Brown             Blake Wheeler            60     1   2  2  
 2 Derek Roy                Daniel Sedin             40     1   2  2  

Penalty Kill 4 Players Defense
   Defense                  Defense                  Time % Phy DF OF 
 1 Anton Volchenkov         Adam Pardy               60     1   2  2  
 2 Dmitri Kalinin           Brendan Bell             40     1   2  2  

Penalty Kill - 3 Players Forward 
   Forward                                           Time % Phy DF OF 
 1 Blake Wheeler                                     60     1   2  2  
 2 Dustin Brown                                      40     1   2  2  

Penalty Kill - 3 Players Defense
   Defense                  Defense                  Time % Phy DF OF 
 1 Dmitri Kalinin           Adam Pardy               60     1   2  2  
 2 Anton Volchenkov         Brendan Bell             40     1   2  2  

4 vs 4 Forward 
   Center                   Wing                     Time % Phy DF OF 
 1 Derek Roy                Benoit Pouliot           60     1   2  2  
 2 Zack Hamill              Dustin Brown             40     1   2  2  

4 vs 4 Defense
   Defense                  Defense                  Time % Phy DF OF 
 1 Dmitri Kalinin           Anton Volchenkov         60     1   2  2  
 2 Kevin Klein              Brendan Bell             40     1   2  2  

Last Minutes Offensive
   Center                   Left Wing                Right Wing               Defense                  Defense                  
   Derek Roy                Benoit Pouliot           Dustin Brown             Dmitri Kalinin           Anton Volchenkov         

Last Minutes Defensive
   Center                   Left Wing                Right Wing               Defense                  Defense                  
   Derek Roy                Daniel Sedin             Blake Wheeler            Dmitri Kalinin           Anton Volchenkov         

Goaltenders
Starting : Kari Lehtonen            
Backup : Ilya Bryzgalov           

Extra Forwards
Normal : Tomas Kopecky, Derek Roy, Fredrik Sjostrom - PP : Tomas Kopecky, Dustin Brown - PK : Fredrik Sjostrom
Extra Defensemen
Normal : Adam Pardy, Chris Phillips, Anton Volchenkov - PP : Adam Pardy - PK : Adam Pardy, Anton Volchenkov
Penalty Shots
Blake Wheeler, Daniel Sedin, Derek Roy, Jussi Jokinen, Dustin Brown

% Time on Ice - Nordiques

Lines # - Real PCT - Wanted PCT - Time Play
Normal Forward
1 - 36% - 40% - 18:29
2 - 29% - 30% - 14:43
3 - 22% - 20% - 11:07
4 - 13% - 10% - 6:44
Normal Defense
1 - 40% - 40% - 20:12
2 - 35% - 30% - 17:41
3 - 22% - 20% - 11:28
4 - 3% - 10% - 1:42
PP Forward
1 - 50% - 60% - 1:58
2 - 50% - 40% - 2:00
PP Defense
1 - 68% - 60% - 2:41
2 - 32% - 40% - 1:17
PK Forward
1 - 82% - 60% - 4:06
2 - 18% - 40% - 0:53
PK Defense
1 - 56% - 60% - 2:46
2 - 44% - 40% - 2:13
PK3 Forward
1 - 0% - 60%
2 - 0% - 40%
PK3 Defense
1 - 0% - 60%
2 - 0% - 40%
44 Forward
1 - 0% - 60%
2 - 0% - 40%
44 Defense
1 - 0% - 60%
2 - 0% - 40%
Last Minute Offensive  - 0:00
Last Minute Defensive  - 0:00
Total
Forward - 60:00
Defense - 60:00

% Time on Ice - Jets

Lines # - Real PCT - Wanted PCT - Time Play
Normal Forward
1 - 38% - 40% - 19:10
2 - 28% - 30% - 14:16
3 - 17% - 20% - 8:45
4 - 17% - 10% - 8:52
Normal Defense
1 - 36% - 36% - 18:26
2 - 32% - 32% - 16:07
3 - 25% - 22% - 12:56
4 - 7% - 10% - 3:34
PP Forward
1 - 55% - 60% - 2:43
2 - 45% - 40% - 2:16
PP Defense
1 - 64% - 60% - 3:12
2 - 36% - 40% - 1:47
PK Forward
1 - 79% - 60% - 3:09
2 - 21% - 40% - 0:49
PK Defense
1 - 39% - 60% - 1:32
2 - 61% - 40% - 2:26
PK3 Forward
1 - 0% - 60%
2 - 0% - 40%
PK3 Defense
1 - 0% - 60%
2 - 0% - 40%
44 Forward
1 - 0% - 60%
2 - 0% - 40%
44 Defense
1 - 0% - 60%
2 - 0% - 40%
Last Minute Offensive  - 0:00
Last Minute Defensive  - 0:00
Total
Forward - 60:00
Defense - 60:00

Play by Play

1st period


0:01 of 1st period - Chris Drury wins face-off versus Derek Roy in neutral zone.
0:26 of 1st period - Fedor Tyutin is hit by Daniel Sedin and loses puck.
0:49 of 1st period - Snap shot by Miroslav Satan.
0:49 of 1st period - Stopped by Kari Lehtonen with a rebound.
0:51 of 1st period - Wrist shot by Mike Zigomanis.
0:51 of 1st period - Shot Misses the Net.
0:53 of 1st period - Slapshot by Mark Eaton.
0:53 of 1st period - Stopped by Kari Lehtonen with a rebound.
1:13 of 1st period - Blair Betts is hit by Nikolai Kulemin.
3:10 of 1st period - Kristopher Letang is hit by Derek Roy and loses puck.
3:13 of 1st period - Wrist shot by Miroslav Satan.
3:13 of 1st period - Shot Blocked by Chris Phillips.
3:15 of 1st period - Wrist shot by Kristopher Letang.
3:15 of 1st period - Shot Misses the Net.
3:17 of 1st period - Slapshot by Kristopher Letang.
3:17 of 1st period - Stopped by Kari Lehtonen with a rebound.
3:19 of 1st period - Slapshot by Fedor Tyutin.
3:19 of 1st period - Stopped by Kari Lehtonen without a rebound.
3:20 of 1st period - Zack Hamill wins face-off versus Vaclav Prospal in Jets zone.
3:35 of 1st period - Snap shot by Vaclav Prospal.
3:35 of 1st period - Shot Misses the Net.
3:47 of 1st period - Niklas Kronwall is hit by Dmitri Kalinin and loses puck.
3:52 of 1st period - Snap shot by Jussi Jokinen.
3:52 of 1st period - Shot Blocked by Alexei Kovalev.
3:54 of 1st period - Slapshot by Chris Phillips.
3:54 of 1st period - Stopped by Martin Brodeur without a rebound.
3:55 of 1st period - Vaclav Prospal wins face-off versus Derek Roy in Nordiques zone.
4:06 of 1st period - Kristopher Letang is hit by Adam Pardy and loses puck.
4:29 of 1st period - Off-side.
4:30 of 1st period - Chris Drury wins face-off versus Benoit Pouliot in neutral zone.
5:18 of 1st period - Wrist shot by Blake Wheeler.
5:18 of 1st period - Stopped by Martin Brodeur with a rebound.
5:49 of 1st period - R.J. Umberger is hit by Fredrik Sjostrom.
6:09 of 1st period - Slapshot by Kristopher Letang.
6:09 of 1st period - Deflect By Miroslav Satan.
6:09 of 1st period - Shot Blocked by Derek Roy.
6:09 of 1st period - Puck is out of play.
6:10 of 1st period - Vaclav Prospal wins face-off versus Zack Hamill in Jets zone.
6:15 of 1st period - Snap shot by Vaclav Prospal.
6:15 of 1st period - Shot Misses the Net.
6:19 of 1st period - Snap shot by Dustin Byfuglien.
6:19 of 1st period - Stopped by Kari Lehtonen without a rebound.
6:20 of 1st period - Vaclav Prospal wins face-off versus Zack Hamill in Jets zone.
6:37 of 1st period - Wrist shot by Vaclav Prospal.
6:37 of 1st period - Stopped by Kari Lehtonen without a rebound.
6:38 of 1st period - Chris Drury wins face-off versus Benoit Pouliot in Jets zone.
7:32 of 1st period - Backhand shot by Nikolai Kulemin.
7:32 of 1st period - Shot Blocked by Adam Pardy.
7:50 of 1st period - Wrist shot by Eric Fehr.
7:50 of 1st period - Stopped by Martin Brodeur with a rebound.
7:52 of 1st period - Slapshot by Adam Pardy.
7:52 of 1st period - Stopped by Martin Brodeur without a rebound.
7:53 of 1st period - Alexei Kovalev wins face-off versus Dustin Brown in Nordiques zone.
8:10 of 1st period - Snap shot by Chris Drury.
8:10 of 1st period - Stopped by Kari Lehtonen without a rebound.
8:11 of 1st period - Dustin Byfuglien wins face-off versus Zack Hamill in Jets zone.
8:18 of 1st period - Wrist shot by Vaclav Prospal.
8:18 of 1st period - Stopped by Kari Lehtonen with a rebound.
8:20 of 1st period - Snap shot by Dustin Byfuglien.
8:20 of 1st period - Shot Hit the Post.
8:22 of 1st period - Snap shot by Vaclav Prospal.
8:22 of 1st period - Stopped by Kari Lehtonen without a rebound.
8:23 of 1st period - Chris Drury wins face-off versus Benoit Pouliot in Jets zone.
8:38 of 1st period - Snap shot by Dustin Brown.
8:38 of 1st period - Shot Blocked by R.J. Umberger.
8:40 of 1st period - Snap shot by Derek Roy.
8:40 of 1st period - Deflect By Benoit Pouliot.
8:40 of 1st period - Shot Misses the Net.
8:40 of 1st period - Puck is out of play.
8:41 of 1st period - Zack Hamill wins face-off versus Mike Zigomanis in Nordiques zone.
8:57 of 1st period - Snap shot by Zack Hamill.
8:57 of 1st period - Deflect By Daniel Sedin.
8:57 of 1st period - Shot Blocked by Kristopher Letang.
8:57 of 1st period - Puck is out of play.
8:58 of 1st period - Chris Drury wins face-off versus Derek Roy in Nordiques zone.
9:07 of 1st period - Slapshot by Chris Drury.
9:07 of 1st period - Shot Blocked by Derek Roy.
9:45 of 1st period - Slapshot by Nikolai Kulemin.
9:45 of 1st period - Goal by Nikolai Kulemin - Nordiques : 1 - Jets : 0.
9:46 of 1st period - Chris Drury wins face-off versus Derek Roy in neutral zone.
9:51 of 1st period - Snap shot by Derek Roy.
9:51 of 1st period - Stopped by Martin Brodeur without a rebound.
9:52 of 1st period - Derek Roy wins face-off versus Chris Drury in Nordiques zone.
10:30 of 1st period - Wrist shot by Benoit Pouliot.
10:30 of 1st period - Deflect By Derek Roy.
10:30 of 1st period - Shot Misses the Net.
10:30 of 1st period - Puck is out of play.
10:31 of 1st period - Vaclav Prospal wins face-off versus Zack Hamill in Nordiques zone.
10:58 of 1st period - Toni Lydman is hit by Jussi Jokinen and loses puck.
11:07 of 1st period - Wrist shot by Tomas Kopecky.
11:07 of 1st period - Stopped by Martin Brodeur with a rebound.
11:24 of 1st period - Off-side.
11:25 of 1st period - Jarret Stoll wins face-off versus Blair Betts in neutral zone.
11:32 of 1st period - Slapshot by Jarret Stoll.
11:32 of 1st period - Stopped by Kari Lehtonen with a rebound.
11:46 of 1st period - Snap shot by Eric Fehr.
11:46 of 1st period - Stopped by Martin Brodeur with a rebound.
12:10 of 1st period - Snap shot by Pascal Dupuis.
12:10 of 1st period - Stopped by Kari Lehtonen with a rebound.
12:24 of 1st period - Wrist shot by Blair Betts.
12:24 of 1st period - Deflect By Fredrik Sjostrom.
12:24 of 1st period - Shot Misses the Net.
12:24 of 1st period - Puck is out of play.
12:25 of 1st period - Derek Roy wins face-off versus Chris Drury in Nordiques zone.
12:34 of 1st period - Snap shot by Derek Roy.
12:34 of 1st period - Shot Misses the Net.
12:52 of 1st period - Kristopher Letang is hit by Kevin Klein and loses puck.
13:49 of 1st period - Vaclav Prospal is hit by Daniel Sedin and loses puck.
14:43 of 1st period - Wrist shot by Daniel Sedin.
14:43 of 1st period - Stopped by Martin Brodeur with a rebound.
14:45 of 1st period - Wrist shot by Zack Hamill.
14:45 of 1st period - Shot Misses the Net.
15:11 of 1st period - Icing by Fedor Tyutin.
15:12 of 1st period - Derek Roy wins face-off versus Mike Zigomanis in Nordiques zone.
15:23 of 1st period - Wrist shot by Derek Roy.
15:23 of 1st period - Shot Blocked by Miroslav Satan.
15:25 of 1st period - Slapshot by Anton Volchenkov.
15:25 of 1st period - Deflect By Benoit Pouliot.
15:25 of 1st period - Stopped by Martin Brodeur without a rebound.
15:26 of 1st period - Derek Roy wins face-off versus Chris Drury in Nordiques zone.
15:37 of 1st period - Slapshot by Dustin Brown.
15:37 of 1st period - Shot Blocked by Alexei Kovalev.
15:53 of 1st period - Matt Moulson is hit by Daniel Sedin and loses puck.
16:24 of 1st period - Snap shot by Tomas Kopecky.
16:24 of 1st period - Stopped by Martin Brodeur without a rebound.
16:25 of 1st period - Derek Roy wins face-off versus R.J. Umberger in Nordiques zone.
16:49 of 1st period - Icing by Brendan Bell.
16:50 of 1st period - Vaclav Prospal wins face-off versus Blake Wheeler in Jets zone.
17:00 of 1st period - Off-side.
17:01 of 1st period - Derek Roy wins face-off versus Chris Drury in neutral zone.
17:57 of 1st period - Snap shot by Blake Wheeler.
17:57 of 1st period - Shot Misses the Net.
17:59 of 1st period - Snap shot by Dmitri Kalinin.
17:59 of 1st period - Shot Blocked by Mark Eaton.
18:01 of 1st period - Snap shot by Zack Hamill.
18:01 of 1st period - Deflect By Vaclav Prospal.
18:01 of 1st period - Stopped by Martin Brodeur with a rebound.
19:25 of 1st period - Slapshot by Kristopher Letang.
19:25 of 1st period - Shot Blocked by Anton Volchenkov.
19:31 of 1st period - Kristopher Letang is hit by Anton Volchenkov and loses puck.
19:49 of 1st period - Off-side.
19:50 of 1st period - Derek Roy wins face-off versus Chris Drury in neutral zone.
19:53 of 1st period - R.J. Umberger is hit by Dustin Brown and loses puck.
Goals for this period are 1 for Nordiques vs 0 for Jets.
Shots for this period are 12 for Nordiques vs 11 for Jets.

2nd period


0:01 of 2nd period - Chris Drury wins face-off versus Derek Roy in neutral zone.
0:04 of 2nd period - Brendan Bell is hit by Alexei Kovalev and loses puck.
0:27 of 2nd period - Brendan Bell is hit by Mike Zigomanis and loses puck.
0:40 of 2nd period - Wrist shot by Mike Zigomanis.
0:40 of 2nd period - Shot Blocked by Dustin Brown.
0:50 of 2nd period - Snap shot by Anton Volchenkov.
0:50 of 2nd period - Shot Blocked by Shane Hnidy.
1:09 of 2nd period - Minor Penalty to Shane Hnidy for Holding.
1:10 of 2nd period - Tyler Seguin wins face-off versus R.J. Umberger in Nordiques zone.
1:36 of 2nd period - Icing by Dustin Brown.
1:37 of 2nd period - R.J. Umberger wins face-off versus Derek Roy in Jets zone.
1:52 of 2nd period - Slapshot by Anton Volchenkov.
1:52 of 2nd period - Shot Misses the Net.
1:54 of 2nd period - Slapshot by Anton Volchenkov.
1:54 of 2nd period - Shot Blocked by Toni Lydman.
1:56 of 2nd period - Snap shot by Benoit Pouliot.
1:56 of 2nd period - Shot Misses the Net.
1:58 of 2nd period - Snap shot by Anton Volchenkov.
1:58 of 2nd period - Shot Blocked by Toni Lydman.
2:12 of 2nd period - Mark Eaton is hit by Dmitri Kalinin and loses puck.
3:09 of 2nd period - Penalty to Shane Hnidy is over, Shane Hnidy is back on ice.
3:41 of 2nd period - Wrist shot by Blake Wheeler.
3:41 of 2nd period - Stopped by Martin Brodeur with a rebound.
3:47 of 2nd period - Zack Hamill is hit by Miroslav Satan and loses puck.
4:10 of 2nd period - Benoit Pouliot is hit by Dustin Byfuglien and loses puck.
4:43 of 2nd period - Wrist shot by Zack Hamill.
4:43 of 2nd period - Shot Hit the Post.
4:45 of 2nd period - Wrist shot by Blake Wheeler.
4:45 of 2nd period - Shot Misses the Net.
5:06 of 2nd period - Toni Lydman is hit by Dustin Brown and loses puck.
5:17 of 2nd period - Chris Drury is hit by Anton Volchenkov and loses puck.
5:40 of 2nd period - Shane Hnidy is hit by Tyler Seguin and loses puck.
5:57 of 2nd period - Off-side.
5:58 of 2nd period - Derek Roy wins face-off versus Mike Zigomanis in neutral zone.
6:10 of 2nd period - Snap shot by Kyle Calder.
6:10 of 2nd period - Stopped by Kari Lehtonen with a rebound.
6:12 of 2nd period - Wrist shot by Mike Zigomanis.
6:12 of 2nd period - Stopped by Kari Lehtonen without a rebound.
6:13 of 2nd period - Zack Hamill wins face-off versus Chris Drury in Jets zone.
6:13 of 2nd period - Zack Hamill is hit by Chris Drury.
6:45 of 2nd period - Slapshot by Kevin Klein.
6:45 of 2nd period - Stopped by Martin Brodeur without a rebound.
6:46 of 2nd period - Vaclav Prospal wins face-off versus Derek Roy in Nordiques zone.
6:46 of 2nd period - Vaclav Prospal is hit by Derek Roy.
6:58 of 2nd period - Snap shot by Benoit Pouliot.
6:58 of 2nd period - Shot Misses the Net.
7:02 of 2nd period - Snap shot by Benoit Pouliot.
7:02 of 2nd period - Shot Misses the Net.
7:44 of 2nd period - Snap shot by Mike Zigomanis.
7:44 of 2nd period - Shot Hit the Post.
7:46 of 2nd period - Slapshot by Fedor Tyutin.
7:46 of 2nd period - Stopped by Kari Lehtonen with a rebound.
8:01 of 2nd period - Slapshot by Jussi Jokinen.
8:01 of 2nd period - Stopped by Martin Brodeur without a rebound.
8:02 of 2nd period - Derek Roy wins face-off versus Chris Drury in Nordiques zone.
8:09 of 2nd period - Snap shot by Dustin Brown.
8:09 of 2nd period - Stopped by Martin Brodeur without a rebound.
8:10 of 2nd period - Derek Roy wins face-off versus Chris Drury in Nordiques zone.
8:48 of 2nd period - Wrist shot by Derek Roy.
8:48 of 2nd period - Shot Blocked by Alexei Kovalev.
8:50 of 2nd period - Wrist shot by Dustin Brown.
8:50 of 2nd period - Stopped by Martin Brodeur with a rebound.
9:08 of 2nd period - Wrist shot by Chris Drury.
9:08 of 2nd period - Shot Misses the Net.
9:26 of 2nd period - Alexei Kovalev is hit by Anton Volchenkov and loses puck.
9:45 of 2nd period - Wrist shot by R.J. Umberger.
9:45 of 2nd period - Stopped by Kari Lehtonen without a rebound.
9:46 of 2nd period - Zack Hamill wins face-off versus Vaclav Prospal in Jets zone.
9:46 of 2nd period - Zack Hamill is hit by Fedor Tyutin.
10:12 of 2nd period - Adam Pardy is hit by Kristopher Letang.
10:20 of 2nd period - Wrist shot by Miroslav Satan.
10:20 of 2nd period - Shot Misses the Net.
10:22 of 2nd period - Snap shot by Mark Eaton.
10:22 of 2nd period - Shot Misses the Net.
10:37 of 2nd period - Minor Penalty to Blair Betts for Roughing.
10:38 of 2nd period - Vaclav Prospal wins face-off versus Fredrik Sjostrom in Jets zone.
10:41 of 2nd period - Slapshot by Vaclav Prospal.
10:41 of 2nd period - Shot Blocked by Anton Volchenkov.
10:43 of 2nd period - Slapshot by Fedor Tyutin.
10:43 of 2nd period - Deflect By Adam Pardy.
10:43 of 2nd period - Stopped by Kari Lehtonen with a rebound.
10:45 of 2nd period - Wrist shot by Kristopher Letang.
10:45 of 2nd period - Shot Blocked by Blake Wheeler.
10:47 of 2nd period - Wrist shot by Kristopher Letang.
10:47 of 2nd period - Shot Misses the Net.
10:49 of 2nd period - Slapshot by Kristopher Letang.
10:49 of 2nd period - Stopped by Kari Lehtonen with a rebound.
10:51 of 2nd period - Wrist shot by Kristopher Letang.
10:51 of 2nd period - Shot Misses the Net.
10:53 of 2nd period - Snap shot by Dustin Byfuglien.
10:53 of 2nd period - Deflect By Vaclav Prospal.
10:53 of 2nd period - Stopped by Kari Lehtonen without a rebound.
10:54 of 2nd period - Dustin Brown wins face-off versus Vaclav Prospal in Jets zone.
10:54 of 2nd period - Dustin Brown is hit by Vaclav Prospal.
12:19 of 2nd period - Snap shot by Fredrik Sjostrom.
12:19 of 2nd period - Deflect By Fedor Tyutin.
12:19 of 2nd period - Shot Misses the Net.
12:19 of 2nd period - Puck is out of play.
12:20 of 2nd period - Chris Drury wins face-off versus Fredrik Sjostrom in Nordiques zone.
12:37 of 2nd period - Penalty to Blair Betts is over, Blair Betts is back on ice.
12:49 of 2nd period - Wrist shot by Blake Wheeler.
12:49 of 2nd period - Stopped by Martin Brodeur with a rebound.
13:17 of 2nd period - Shane Hnidy is hit by Dustin Brown and loses puck.
13:42 of 2nd period - Minor Penalty to Dustin Byfuglien for High sticking.
13:43 of 2nd period - R.J. Umberger wins face-off versus Derek Roy in Nordiques zone.
13:55 of 2nd period - Wrist shot by Benoit Pouliot.
13:55 of 2nd period - Shot Blocked by Fedor Tyutin.
15:09 of 2nd period - Adam Pardy is hit by Chris Drury and loses puck.
15:42 of 2nd period - Penalty to Dustin Byfuglien is over, Dustin Byfuglien is back on ice.
15:50 of 2nd period - Wrist shot by Eric Fehr.
15:50 of 2nd period - Shot Blocked by Matt Moulson.
15:52 of 2nd period - Backhand shot by Anton Volchenkov.
15:52 of 2nd period - Deflect By Eric Fehr.
15:52 of 2nd period - Shot Misses the Net.
15:52 of 2nd period - Puck is out of play.
15:53 of 2nd period - Vaclav Prospal wins face-off versus Blair Betts in Nordiques zone.
16:05 of 2nd period - Icing by Anton Volchenkov.
16:06 of 2nd period - Blair Betts wins face-off versus Chris Drury in Jets zone.
16:53 of 2nd period - Snap shot by Fredrik Sjostrom.
16:53 of 2nd period - Stopped by Martin Brodeur with a rebound.
16:55 of 2nd period - Slapshot by Anton Volchenkov.
16:55 of 2nd period - Stopped by Martin Brodeur with a rebound.
16:57 of 2nd period - Wrist shot by Brendan Bell.
16:57 of 2nd period - Stopped by Martin Brodeur without a rebound.
16:58 of 2nd period - Zack Hamill wins face-off versus Chris Drury in Nordiques zone.
16:59 of 2nd period - Snap shot by Daniel Sedin.
16:59 of 2nd period - Stopped by Martin Brodeur with a rebound.
17:01 of 2nd period - Wrist shot by Blake Wheeler.
17:01 of 2nd period - Goal by Blake Wheeler - Nordiques : 1 - Jets : 1.
17:02 of 2nd period - Chris Drury wins face-off versus Zack Hamill in neutral zone.
17:05 of 2nd period - Slapshot by Kristopher Letang.
17:05 of 2nd period - Stopped by Kari Lehtonen with a rebound.
17:07 of 2nd period - Snap shot by Alexei Kovalev.
17:07 of 2nd period - Shot Hit the Post.
17:09 of 2nd period - Snap shot by R.J. Umberger.
17:09 of 2nd period - Stopped by Kari Lehtonen with a rebound.
17:11 of 2nd period - Slapshot by Fedor Tyutin.
17:11 of 2nd period - Stopped by Kari Lehtonen with a rebound.
17:19 of 2nd period - Snap shot by R.J. Umberger.
17:19 of 2nd period - Shot Blocked by Dmitri Kalinin.
17:34 of 2nd period - Toni Lydman is hit by Dustin Brown.
17:50 of 2nd period - Icing by Toni Lydman.
17:51 of 2nd period - Jarret Stoll wins face-off versus Tyler Seguin in Nordiques zone.
18:02 of 2nd period - Wrist shot by Tomas Kopecky.
18:02 of 2nd period - Shot Misses the Net.
18:04 of 2nd period - Slapshot by Tomas Kopecky.
18:04 of 2nd period - Stopped by Martin Brodeur with a rebound.
18:06 of 2nd period - Wrist shot by Tyler Seguin.
18:06 of 2nd period - Stopped by Martin Brodeur without a rebound.
18:07 of 2nd period - Chris Drury wins face-off versus Zack Hamill in Nordiques zone.
18:07 of 2nd period - Chris Drury is hit by Kevin Klein.
18:10 of 2nd period - Minor Penalty to Chris Drury for Hooking.
18:11 of 2nd period - Derek Roy wins face-off versus R.J. Umberger in Nordiques zone.
18:11 of 2nd period - Wrist shot by Benoit Pouliot.
18:11 of 2nd period - Goal by Benoit Pouliot - Nordiques : 1 - Jets : 2.
18:12 of 2nd period - Zack Hamill wins face-off versus Chris Drury in neutral zone.
18:50 of 2nd period - Slapshot by Kristopher Letang.
18:50 of 2nd period - Stopped by Kari Lehtonen without a rebound.
18:51 of 2nd period - Daniel Sedin wins face-off versus Mike Zigomanis in Jets zone.
19:05 of 2nd period - Slapshot by Kyle Calder.
19:05 of 2nd period - Stopped by Kari Lehtonen with a rebound.
19:07 of 2nd period - Snap shot by Mike Zigomanis.
19:07 of 2nd period - Shot Misses the Net.
19:17 of 2nd period - Shane Hnidy is hit by Dustin Brown and loses puck.
19:24 of 2nd period - Snap shot by Benoit Pouliot.
19:24 of 2nd period - Stopped by Martin Brodeur with a rebound.
Goals for this period are 0 for Nordiques vs 2 for Jets.
Shots for this period are 12 for Nordiques vs 15 for Jets.

3rd period


0:01 of 3rd period - Blake Wheeler wins face-off versus Chris Drury in neutral zone.
0:27 of 3rd period - Vaclav Prospal is hit by Dustin Brown and loses puck.
0:36 of 3rd period - Snap shot by Benoit Pouliot.
0:36 of 3rd period - Shot Misses the Net.
0:38 of 3rd period - Wrist shot by Adam Pardy.
0:38 of 3rd period - Stopped by Martin Brodeur with a rebound.
0:54 of 3rd period - Miroslav Satan is hit by Tomas Kopecky.
1:10 of 3rd period - Eric Fehr is hit by Jarret Stoll and loses puck.
1:57 of 3rd period - Snap shot by Derek Roy.
1:57 of 3rd period - Shot Misses the Net.
1:59 of 3rd period - Snap shot by Benoit Pouliot.
1:59 of 3rd period - Shot Misses the Net.
2:01 of 3rd period - Wrist shot by Dmitri Kalinin.
2:01 of 3rd period - Stopped by Martin Brodeur without a rebound.
2:02 of 3rd period - Vaclav Prospal wins face-off versus Tyler Seguin in Nordiques zone.
2:14 of 3rd period - Kevin Klein is hit by Dustin Byfuglien and loses puck.
2:27 of 3rd period - Kyle Calder is hit by Kevin Klein and loses puck.
2:50 of 3rd period - Snap shot by Eric Fehr.
2:50 of 3rd period - Stopped by Martin Brodeur without a rebound.
2:51 of 3rd period - Blair Betts wins face-off versus Chris Drury in Nordiques zone.
2:52 of 3rd period - Snap shot by Fredrik Sjostrom.
2:52 of 3rd period - Shot Hit the Post.
3:00 of 3rd period - Off-side.
3:01 of 3rd period - Chris Drury wins face-off versus Derek Roy in neutral zone.
3:40 of 3rd period - Dustin Brown is hit by Chris Drury and loses puck.
3:47 of 3rd period - Snap shot by Chris Drury.
3:47 of 3rd period - Shot Misses the Net.
4:00 of 3rd period - Off-side.
4:01 of 3rd period - Zack Hamill wins face-off versus Vaclav Prospal in neutral zone.
4:22 of 3rd period - Daniel Sedin is hit by Matt Moulson.
5:11 of 3rd period - Minor Penalty to Jarret Stoll for Hooking.
5:12 of 3rd period - Derek Roy wins face-off versus R.J. Umberger in Nordiques zone.
5:14 of 3rd period - Snap shot by Benoit Pouliot.
5:14 of 3rd period - Stopped by Martin Brodeur with a rebound.
5:16 of 3rd period - Wrist shot by Dustin Brown.
5:16 of 3rd period - Shot Misses the Net.
5:18 of 3rd period - Slapshot by Dmitri Kalinin.
5:18 of 3rd period - Shot Misses the Net.
5:20 of 3rd period - Slapshot by Anton Volchenkov.
5:20 of 3rd period - Deflect By Benoit Pouliot.
5:20 of 3rd period - Shot Misses the Net.
5:20 of 3rd period - Puck is out of play.
5:21 of 3rd period - Derek Roy wins face-off versus R.J. Umberger in Nordiques zone.
5:34 of 3rd period - Slapshot by Dustin Brown.
5:34 of 3rd period - Shot Misses the Net.
5:40 of 3rd period - Wrist shot by Benoit Pouliot.
5:40 of 3rd period - Shot Misses the Net.
5:42 of 3rd period - Slapshot by Dmitri Kalinin.
5:42 of 3rd period - Stopped by Martin Brodeur without a rebound.
5:43 of 3rd period - Tyler Seguin wins face-off versus R.J. Umberger in Nordiques zone.
5:48 of 3rd period - Slapshot by Jussi Jokinen.
5:48 of 3rd period - Stopped by Martin Brodeur with a rebound.
5:50 of 3rd period - Snap shot by Jussi Jokinen.
5:50 of 3rd period - Shot Blocked by Pascal Dupuis.
5:52 of 3rd period - Slapshot by Blake Wheeler.
5:52 of 3rd period - Shot Blocked by R.J. Umberger.
5:54 of 3rd period - Wrist shot by Blake Wheeler.
5:54 of 3rd period - Stopped by Martin Brodeur with a rebound.
5:56 of 3rd period - Slapshot by Jussi Jokinen.
5:56 of 3rd period - Goal by Jussi Jokinen - Nordiques : 1 - Jets : 3.
5:57 of 3rd period - Zack Hamill wins face-off versus Chris Drury in neutral zone.
6:12 of 3rd period - Wrist shot by Zack Hamill.
6:12 of 3rd period - Stopped by Martin Brodeur with a rebound.
6:20 of 3rd period - Minor Penalty to Brendan Bell for Hooking.
6:21 of 3rd period - Chris Drury wins face-off versus Dustin Brown in Jets zone.
7:07 of 3rd period - Kristopher Letang is hit by Adam Pardy and loses puck.
8:08 of 3rd period - Anton Volchenkov is hit by Kyle Calder and loses puck.
8:20 of 3rd period - Penalty to Brendan Bell is over, Brendan Bell is back on ice.
8:27 of 3rd period - Fedor Tyutin is hit by Tyler Seguin and loses puck.
8:49 of 3rd period - Blake Wheeler is hit by Jarret Stoll and loses puck.
9:51 of 3rd period - Snap shot by Fredrik Sjostrom.
9:51 of 3rd period - Shot Misses the Net.
9:55 of 3rd period - Snap shot by Eric Fehr.
9:55 of 3rd period - Deflect By Fredrik Sjostrom.
9:55 of 3rd period - Shot Misses the Net.
9:55 of 3rd period - Puck is out of play.
9:56 of 3rd period - Blair Betts wins face-off versus Chris Drury in Nordiques zone.
10:33 of 3rd period - Snap shot by Miroslav Satan.
10:33 of 3rd period - Stopped by Kari Lehtonen with a rebound.
10:35 of 3rd period - Snap shot by Mike Zigomanis.
10:35 of 3rd period - Deflect By Fredrik Sjostrom.
10:35 of 3rd period - Shot Misses the Net.
10:35 of 3rd period - Puck is out of play.
10:36 of 3rd period - Derek Roy wins face-off versus Vaclav Prospal in Jets zone.
10:40 of 3rd period - Off-side.
10:41 of 3rd period - Derek Roy wins face-off versus Dustin Byfuglien in neutral zone.
10:46 of 3rd period - Wrist shot by Derek Roy.
10:46 of 3rd period - Stopped by Martin Brodeur with a rebound.
10:48 of 3rd period - Slapshot by Anton Volchenkov.
10:48 of 3rd period - Stopped by Martin Brodeur with a rebound.
10:50 of 3rd period - Wrist shot by Dustin Brown.
10:50 of 3rd period - Deflect By Dustin Byfuglien.
10:50 of 3rd period - Shot Hit the Post.
10:50 of 3rd period - Puck is out of play.
10:51 of 3rd period - Derek Roy wins face-off versus Chris Drury in Nordiques zone.
10:52 of 3rd period - Wrist shot by Benoit Pouliot.
10:52 of 3rd period - Shot Hit the Post.
11:18 of 3rd period - Blake Wheeler is hit by Dustin Byfuglien.
11:27 of 3rd period - Anton Volchenkov is hit by Matt Moulson and loses puck.
11:43 of 3rd period - Off-side.
11:44 of 3rd period - Tyler Seguin wins face-off versus Mike Zigomanis in neutral zone.
11:50 of 3rd period - Minor Penalty to Mike Zigomanis for Interference.
11:51 of 3rd period - R.J. Umberger wins face-off versus Derek Roy in Nordiques zone.
12:05 of 3rd period - Slapshot by Benoit Pouliot.
12:05 of 3rd period - Goal by Benoit Pouliot - Nordiques : 1 - Jets : 4.
12:06 of 3rd period - Chris Drury wins face-off versus Derek Roy in neutral zone.
12:33 of 3rd period - Blake Wheeler is hit by Matt Moulson and loses puck.
12:42 of 3rd period - Backhand shot by Dustin Byfuglien.
12:42 of 3rd period - Shot Blocked by Dmitri Kalinin.
13:13 of 3rd period - Fredrik Sjostrom is hit by Nikolai Kulemin.
13:38 of 3rd period - Wrist shot by Chris Drury.
13:38 of 3rd period - Stopped by Kari Lehtonen with a rebound.
13:40 of 3rd period - Wrist shot by Chris Drury.
13:40 of 3rd period - Stopped by Kari Lehtonen with a rebound.
14:42 of 3rd period - Snap shot by Nikolai Kulemin.
14:42 of 3rd period - Stopped by Kari Lehtonen without a rebound.
14:43 of 3rd period - Jarret Stoll wins face-off versus Blair Betts in Jets zone.
14:46 of 3rd period - Snap shot by Nikolai Kulemin.
14:46 of 3rd period - Stopped by Kari Lehtonen without a rebound.
14:47 of 3rd period - Blair Betts wins face-off versus Chris Drury in Jets zone.
14:52 of 3rd period - Fredrik Sjostrom is hit by Mark Eaton and loses puck.
15:49 of 3rd period - Wrist shot by Miroslav Satan.
15:49 of 3rd period - Stopped by Kari Lehtonen with a rebound.
15:51 of 3rd period - Slapshot by Mark Eaton.
15:51 of 3rd period - Deflect By Brendan Bell.
15:51 of 3rd period - Stopped by Kari Lehtonen without a rebound.
15:52 of 3rd period - Chris Drury wins face-off versus Derek Roy in Jets zone.
16:59 of 3rd period - Off-side.
17:00 of 3rd period - Chris Drury wins face-off versus Zack Hamill in neutral zone.
17:12 of 3rd period - Wrist shot by Blake Wheeler.
17:12 of 3rd period - Shot Misses the Net.
17:14 of 3rd period - Slapshot by Anton Volchenkov.
17:14 of 3rd period - Shot Misses the Net.
17:16 of 3rd period - Wrist shot by Daniel Sedin.
17:16 of 3rd period - Shot Misses the Net.
18:14 of 3rd period - Slapshot by Blake Wheeler.
18:14 of 3rd period - Stopped by Martin Brodeur without a rebound.
18:15 of 3rd period - Zack Hamill wins face-off versus Chris Drury in Nordiques zone.
18:16 of 3rd period - Snap shot by Daniel Sedin.
18:16 of 3rd period - Shot Misses the Net.
18:18 of 3rd period - Snap shot by Adam Pardy.
18:18 of 3rd period - Stopped by Martin Brodeur without a rebound.
18:19 of 3rd period - Derek Roy wins face-off versus Chris Drury in Nordiques zone.
18:34 of 3rd period - Snap shot by Benoit Pouliot.
18:34 of 3rd period - Stopped by Martin Brodeur without a rebound.
18:35 of 3rd period - Zack Hamill wins face-off versus Vaclav Prospal in Nordiques zone.
19:11 of 3rd period - Snap shot by Derek Roy.
19:11 of 3rd period - Shot Misses the Net.
19:13 of 3rd period - Snap shot by Benoit Pouliot.
19:13 of 3rd period - Goal by Benoit Pouliot - Nordiques : 1 - Jets : 5.
19:14 of 3rd period - Derek Roy wins face-off versus Chris Drury in neutral zone.
19:49 of 3rd period - Icing by Fedor Tyutin.
19:50 of 3rd period - Vaclav Prospal wins face-off versus Derek Roy in Nordiques zone.
19:50 of 3rd period - Vaclav Prospal is hit by Dustin Brown.
19:55 of 3rd period - Kristopher Letang is hit by Derek Roy and loses puck.
Goals for this period are 0 for Nordiques vs 3 for Jets.
Shots for this period are 7 for Nordiques vs 16 for Jets.